 Dungeon Crawl Stone Soup version 0.31-a0-986-g5e6e4ef867 (webtiles) character file.

Game seed: 5757661100724707994

134 olourkin the Cudgeller (level 4, 0/58 HPs)
             Began as an Armataur Berserker on Nov 10, 2023.
             Was a Believer of Trog.
             Slain by Prince Ribbit (4 damage)
             ... on level 4 of the Dungeon.
             The game lasted 00:11:48 (3060 turns).

olourkin the Cudgeller (Armataur Berserker)         Turns: 3060, Time: 00:11:49

Health: 0/58       AC:  7    Str: 23    XL:     4   Next: 95%
Magic:  4/4        EV:  9    Int:  7    God:    Trog [**....]
Gold:   87         SH:  0    Dex: 11    Spells: 3/3 levels left

rFire   + . .        g - +2 whip (vamp)
rCold   + + .        (no shield)
rNeg    . . .        w - +0 ring mail
rPois   .            (no helmet)
rElec   .            q - scarf {rC+ rF+}
rCorr   .            v - +0 pair of gloves
SInv    .            (no barding)
Will    .....        (no amulet) Stlth
                     r - ring of protection from cold
HPRegen 0.29/turn    (no ring)
MPRegen 0.09/turn

%: roll
@: berserking, very quick
A: large, rugged brown scales 3, deformed body, armoured tail, roll, long
tongue, awkward tongue
a: Renounce Religion, Berserk, Trog's Hand


You were on level 4 of the Dungeon.
You worshipped Trog.
Trog was pleased with you.
You visited 1 branch of the dungeon, and saw 5 of its levels.

You collected 169 gold pieces.
You spent 82 gold pieces at shops.

Inventory:

Hand Weapons
 a - a +0 mace
 d - a +3 antimagic dagger
 g - a +2 vampiric whip (weapon)
Missiles
 c - 38 stones (quivered)
 u - a boomerang
Armour
 b - a +0 animal skin
 q - a scarf of resistance (worn)
 v - a +0 pair of gloves (worn)
 w - a +0 ring mail (worn)
Jewellery
 i - an amulet of magic regeneration
 r - a ring of protection from cold (left hand)
Talismans
 f - a flux talisman
Scrolls
 e - 4 scrolls of identify {unknown}
 h - 3 scrolls of teleportation {unknown}
 j - a scroll of noise {unknown}
 k - a scroll of summoning {unknown}
 n - a scroll of immolation {unknown}
 o - a scroll of fog {unknown}
 s - a scroll of enchant weapon
Potions
 l - a potion of curing {unknown}
 m - a potion of heal wounds {unknown}
 p - a potion of attraction {unknown}
 t - a potion of degeneration {unknown}
 x - a potion of haste {unknown}


   Skills:
 - Level 2.7 Fighting
 * Level 4.4 Maces & Flails
 + Level 4.1 Armour
 - Level 1.4 Dodging


You had 3 spell levels left.
You didn't know any spells.
Your spell library was empty.

Dungeon Overview and Level Annotations

Branches:
Dungeon (5/15)
 Temple: D:4-7

Altars:
Trog

Shops:
D:1 ?

Annotations:
D:4 Prince Ribbit


Innate Abilities, Weirdness & Mutations

You are completely covered in rugged brown scales. (AC +3, +7% HP)
Armour fits poorly on your strangely shaped body.
You have a long armoured tail.
You roll when moving toward enemies. (Rampage)
Your long tongue fully drains potion bottles. (2x potion effects)
Your tongue gives you trouble enunciating. (1.5x scroll delay)


Message History

There is a stone staircase leading up here.
Prince Ribbit hits you!
You climb upwards.
There is a stone staircase leading down here.
You hit Prince Ribbit.
You feel better.
Your tail-slap misses Prince Ribbit.
Prince Ribbit is lightly wounded.
Prince Ribbit croaks regally.
Prince Ribbit barely misses you.
You hit Prince Ribbit.
You feel better.
Prince Ribbit is moderately wounded.
Prince Ribbit hits you! Prince Ribbit hits you.
You barely miss Prince Ribbit.
Prince Ribbit is moderately wounded.
Prince Ribbit barely misses you.
You closely miss Prince Ribbit.
Your tail-slap misses Prince Ribbit.
Prince Ribbit is moderately wounded.
Prince Ribbit hits you.
* * * LOW HITPOINT WARNING * * *
You are too injured to fight recklessly!
A red film seems to cover your vision as you go berserk!
You feel yourself moving faster!
You feel mighty!
Prince Ribbit croaks regally.
Prince Ribbit hits you but does no damage.
You hit Prince Ribbit.
You feel better.
Prince Ribbit is moderately wounded.
Prince Ribbit hits you!
* * * LOW HITPOINT WARNING * * *
You miss Prince Ribbit.
Prince Ribbit is moderately wounded.
Prince Ribbit hits you.
* * * LOW HITPOINT WARNING * * *
You closely miss Prince Ribbit.
Your tail-slap misses Prince Ribbit.
Prince Ribbit is moderately wounded.
Prince Ribbit hits you!
* * * LOW HITPOINT WARNING * * *
Okay, then.
You barely miss Prince Ribbit.
Your tail-slap misses Prince Ribbit.
Prince Ribbit is moderately wounded.
Prince Ribbit hits you.
You die...

#.....#†# #####.##### #.#
#######.# #.........# #.# ####
##'## #.###.###.# #.# ...###...##
#.# #.# #.# #.# ##.##.....##
#.###.# #.#####.## ##.#.......##
#.....# #........#
##..........####...#####.###.....
............'....................
##..........####@F.#####.###.#[..
...#.......## #.....# #........#
#####.....## #.....# ########.#
##...#######.....# #.#
#####.........##.....# #.#
....#.#.#####.##.....# #.#
###.#.#.# #.###.#### #.#
###.#.#.#####.###.# #.#
#...).............# #.#


You could see Prince Ribbit.

Vanquished Creatures
  An iguana (D:4)
  A gnoll (D:4)
  2 adders
  2 dart slugs
  An orc (D:3)
  3 bats
  6 endoplasms
  3 giant cockroaches
  11 goblins
  5 hobgoblins
  9 jackals
  8 kobolds
  2 quokkas
  6 ball pythons
  2 frilled lizards
  6 rats
68 creatures vanquished.

Notes
Turn   | Place    | Note
-------+----------+-------------------------------------------
     0 | D:1      | olourkin the Armataur Berserker began the quest for the
                  | Orb.
     0 | D:1      | Reached XP level 1. HP: 19/19 MP: 1/1
   150 | D:1      | Reached XP level 2. HP: 26/26 MP: 2/2
   167 | D:1      | Found Vaig's Magic Scroll Shoppe.
   420 | D:1      | Reached ** piety under Trog
   447 | D:1      | Reached XP level 3. HP: 31/32 MP: 3/3
  1379 | D:1      | Bought a scroll of enchant weapon for 82 gold pieces
  1593 | D:3      | Reached XP level 4. HP: 39/39 MP: 4/4
  2228 | D:4      | Found a bloodstained altar of Trog.
  3042 | D:5      | Entered Level 5 of the Dungeon
  3046 | D:5      | Noticed Prince Ribbit
  3060 | D:4      | Slain by Prince Ribbit

Illustrated notes

Levels and vault maps discovered:
D:1:      minmay_arrival_diagonal_passages, layout_rooms, serial_shops, shop
D:2:      layout_basic, minmay_nonomino_d4
D:3:      layout_basic, hangedman_decor_opposing, wad_floor_pattern_1
D:4:      layout_loops_corners, trog_antimagical
D:5:      cheibrodos_two_vegetables, layout_loops_cross, elyvilon_altar_4,
          pdpol_wu_jian_five_deadly_venoms, uniq_prince_ribbit1,
          uniq_blork_the_orc

Skill      XL: |  1  2  3  4 |
---------------+-------------+-----
Maces & Flails | 3 4 |  4.4
Armour         | 3 4 |  4.1
Fighting       | |  2.7
Dodging        | |  1.4

Action                     |  1- 3 |  4- 6 || total
---------------------------+-------+-------++-------
  Melee: Mace              |    10 |       ||    10
         Dagger            |     7 |       ||     7
         Whip              |   124 |    63 ||   187
         Tailslap          |    11 |    13 ||    24
         Punch             |     1 |       ||     1
  Throw: Stone             |     3 |       ||     3
 Invoke: Berserk           |       |     1 ||     1
    Use: Scroll            |     1 |       ||     1
   Stab: Distracted        |     1 |       ||     1
         Sleeping          |       |     1 ||     1
 Armour: Animal skin       |    79 |    15 ||    94
         Ring mail         |       |    11 ||    11
  Dodge: Dodged            |    49 |    25 ||    74

Table legend: (Time is in decaauts)
 A = Elapsed time spent in this place.
 B = Non-inter-level travel time spent in this place.
 C = Inter-level travel time spent in this place.
 D = Time resting spent in this place.
 E = Time spent auto-exploring this place.
 F = Levels seen in this place.
 G = Mean time per level.
                   A        B        C        D        E       F      G
               +--------+--------+--------+--------+--------+-----+--------+
         Total |   3046 |   2887 |    159 |     78 |   2184 |   5 |  609.2 |
       Dungeon |   3046 |   2887 |    159 |     78 |   2184 |   5 |  609.2 |
               +--------+--------+--------+--------+--------+-----+--------+

Top non-repeatable levels by time:
     D:2: 859 daAuts
     D:4: 832 daAuts
     D:3: 751 daAuts
     D:1: 594 daAuts
     D:5: 8 daAuts
